 Dungeon Crawl Stone Soup version 0.32-a0-18-g89e19f1974 (webtiles) character file.

Game seed: 15537691590200981475

382 Newt the Spear-Bearer (level 6, -6/76 HPs)
             Began as a Merfolk Gladiator on Jan 16, 2024.
             Mangled by a gnoll sergeant
             ... wielding a +0 trident
              (8 damage)
             ... on level 5 of the Dungeon.
             The game lasted 00:03:57 (3405 turns).

Newt the Spear-Bearer (Merfolk Gladiator)           Turns: 3405, Time: 00:03:57

Health: -6/76      AC: 23    Str: 17    XL:     6   Next: 76%
Magic:  6/6        EV:  2    Int:  7    God:
Gold:   205        SH:  0    Dex: 15    Spells: 5/5 levels left

rFire   . . .        a - +1 trident
rCold   . . .        (no shield)
rNeg    . . .        b - melded +0 leather armour
rPois   +            c - melded +1 helmet
rElec   .            h - melded +0 cloak
rCorr   .            (gloves currently unavailable)
SInv    .            (boots currently unavailable)
Will    .....        (no amulet)
Stlth   +            (no ring)
HPRegen 0.32/turn    (no ring)
MPRegen 0.10/turn

%: no passive effects
@: mighty, tree-form, invisible
A: stationary, stasis, torment immunity, boosted hp, (nimble swimmer 2),
(mertail)
a: no special abilities


You were on level 5 of the Dungeon.
You were a tree.
You visited 1 branch of the dungeon, and saw 5 of its levels.

You collected 205 gold pieces.

Inventory:

Hand Weapons
 a - a +1 trident (weapon)
 n - a +3 short sword
Missiles
 e - a javelin
Armour
 b - a +0 leather armour (melded)
 c - a +1 helmet (melded)
 h - a +0 cloak (melded)
Scrolls
 p - 3 scrolls of enchant armour
Potions
 g - a potion of ambrosia
 i - a potion of cancellation
 j - a potion of degeneration
 m - a potion of magic {unknown}
 o - a potion of berserk rage {unknown}
 q - a potion of attraction {unknown}


   Skills:
 - Level 5.0 Fighting
 - Level 8.0 Polearms
 - Level 2.0 Throwing
 + Level 4.1 Dodging


You had 5 spell levels left.
You didn't know any spells.
Your spell library contained the following spells:

 Spells                   Type           Power      Damage    Failure   Level
 Alistair's Intoxication  Alch           0%         N/A       100%        5
 Borgnjor's Vile Clutch   Necr/Erth      0%         N/A       100%        5
 Eringya's Noxious Bog    Alch           0%         4d6       100%        6


Dungeon Overview and Level Annotations

Branches:
Dungeon (5/15)
 Temple: D:4-7

Altars:

Annotations:
D:3 2 transporters


Innate Abilities, Weirdness & Mutations

You are a tree.
Your roots penetrate the ground, keeping you stationary.
You cannot be teleported.
You are immune to unholy pain and torment.
Your maximum health is greatly increased.
Your equipment is partially melded.
((You are very nimble when in or above water. (Stealth+, EV+, Speed+++)))
((Your lower body shifts to a powerful aquatic tail in water.))


Message History

Aim: a gnoll sergeant, wielding a +0 trident, wearing a +0 ring mail and wearing a +0 kite shield (about 25% to evade your +1 trident)
You reach to attack!
The gnoll sergeant blocks your attack. The gnoll sergeant barely misses you.
Unknown command.
Reach: a) +1 trident
Press: ? - help, Dir - move target, f/p - gnoll sergeant
Aim: a gnoll sergeant, wielding a +0 trident, wearing a +0 ring mail and wearing a +0 kite shield (about 25% to evade your +1 trident)
You reach to attack!
The gnoll sergeant blocks your attack.
The gnoll sergeant hits you from afar with a +0 trident.
* * * LOW HITPOINT WARNING * * *
Reach: a) +1 trident
Press: ? - help, Dir - move target, f/p - gnoll sergeant
Aim: a gnoll sergeant, wielding a +0 trident, wearing a +0 ring mail and wearing a +0 kite shield (about 25% to evade your +1 trident)
You reach to attack!
You hit the gnoll sergeant.
The gnoll sergeant is lightly wounded.
The gnoll sergeant hits you from afar with a +0 trident!
* * * LOW HITPOINT WARNING * * *
It was a potion of invisibility.
You fade into invisibility!
The gnoll sergeant closely misses you.
It was a potion of lignification.
You turn into a tree.
Your +0 cloak melds into your body.
Your +1 helmet melds into your body.
Your +0 leather armour melds into your body.
Your roots penetrate the ground.
The gnoll sergeant hits you but does no damage.
Reach: a) +1 trident
Press: ? - help, Dir - move target, f/p - gnoll sergeant
Aim: a gnoll sergeant, wielding a +0 trident, wearing a +0 ring mail and wearing a +0 kite shield (lightly wounded, unable to see you, about 25% to evade your +1 trident)
You reach to attack!
You catch the helpless gnoll sergeant completely off-guard!
You hit the gnoll sergeant but do no damage.
The gnoll sergeant is lightly wounded.
Reach: a) +1 trident
Press: ? - help, Dir - move target, f/p - gnoll sergeant
Aim: a gnoll sergeant, wielding a +0 trident, wearing a +0 ring mail and wearing a +0 kite shield (lightly wounded, unable to see you, about 25% to evade your +1 trident)
You reach to attack!
You hit the gnoll sergeant but do no damage.
The gnoll sergeant is lightly wounded.
The gnoll sergeant hits you from afar with a +0 trident!
You die...

### +.# .. ####.#+# #'
.#.....# #.. #
('.....##+##(. .#
##.....#...#... ..
####.#'#...#+#g#####!# .
+.#.......#.)...'.# .
#####...#####♣..### ..
#.'...+.#.......# ..
#.#####.#'#...#+# #.#
#.....#...#.# #)#
#.....##+##.## #.#
#.....#......# #)#
###.#'#..# #.#
##.###.+.#....# #.#
#####......###.#.####.###


You could see a gnoll sergeant (unable to see you).

Vanquished Creatures
  Blork the orc (D:5)
  A howler monkey (D:5)
  A bombardier beetle (D:3)
  A hound (D:5)
  3 orc priests
  An orc wizard (D:4)
  3 gnolls (D:5)
  An adder (D:2)
  3 orcs
  6 endoplasms
  3 giant cockroaches
  10 goblins
  9 hobgoblins
  4 jackals (D:1)
  6 quokkas
  3 ball pythons
  4 bats
  A frilled lizard (D:3)
  7 kobolds
  4 rats
72 creatures vanquished.

Notes
Turn   | Place    | Note
-------+----------+-------------------------------------------
     0 | D:1      | Newt the Merfolk Gladiator began the quest for the Orb.
     0 | D:1      | Reached XP level 1. HP: 16/16 MP: 1/1
   125 | D:1      | Found a faded altar of an unknown god.
   211 | D:1      | Reached XP level 2. HP: 22/23 MP: 2/2
   491 | D:1      | Reached XP level 3. HP: 13/30 MP: 3/3
  1447 | D:2      | Reached XP level 4. HP: 38/38 MP: 4/4
  1816 | D:3      | Reached skill level 5 in Fighting
  1977 | D:3      | Noticed a kobold brigand
  1989 | D:3      | Found a transporter.
  2017 | D:3      | Found a transporter.
  2259 | D:4      | Reached skill level 5 in Polearms
  2259 | D:4      | Reached XP level 5. HP: 44/44 MP: 5/5
  2295 | D:4      | Reached skill level 6 in Polearms
  2886 | D:5      | Entered Level 5 of the Dungeon
  3125 | D:5      | Reached XP level 6. HP: 18/51 MP: 6/6
  3148 | D:5      | Reached skill level 7 in Polearms
  3387 | D:5      | Noticed Blork the orc
  3395 | D:5      | Killed Blork the orc
  3396 | D:5      | Reached skill level 8 in Polearms
  3401 | D:5      | HP: 1/51 [gnoll sergeant/+0 trident (7)]
  3405 | D:5      | Mangled by a gnoll sergeant

Illustrated notes

Levels and vault maps discovered:
D:1:      sevenhm_arrival_forest_fort_large_4, layout_basic,
          dreamdust_ecumenical_altar_statues, minivault_26
D:2:      layout_loops_ring, uniq_robin
D:3:      layout_rooms, gammafunk_ghost_abyssal_escape
D:4:      layout_basic, minmay_strange_pillars
D:5:      nicolae_cairo_tiling_large, layout_loops_ring,
          nzn_hepliaklqana_mist_gate, mainiacjoe_overflow_catwalk,
          temple_statues, uniq_grinder, uniq_blork_the_orc, uniq_duvessa

Skill      XL: |  1  2  3  4  5  6 |
---------------+-------------------+-----
Fighting       | 3 4 5 |  5.0
Polearms       | 5 6 8 |  8.0
Throwing       | |  2.0
Dodging        | |  4.1

Action                     |  1- 3 |  4- 6 || total
---------------------------+-------+-------++-------
  Melee: Trident           |   118 |   143 ||   261
         Punch             |     1 |     1 ||     2
  Throw: Throwing net      |     1 |     3 ||     4
    Use: Scroll            |     7 |     8 ||    15
         Potion            |       |     7 ||     7
   Stab: Sleeping          |     1 |       ||     1
         Invisible         |       |     1 ||     1
 Armour: Leather armour    |    55 |    81 ||   136
         Skin              |       |     2 ||     2
  Dodge: Dodged            |    61 |    66 ||   127

Table legend: (Time is in decaauts)
 A = Elapsed time spent in this place.
 B = Non-inter-level travel time spent in this place.
 C = Inter-level travel time spent in this place.
 D = Time resting spent in this place.
 E = Time spent auto-exploring this place.
 F = Levels seen in this place.
 G = Mean time per level.
                   A        B        C        D        E       F      G
               +--------+--------+--------+--------+--------+-----+--------+
         Total |   3419 |   3302 |    117 |    847 |   1920 |   5 |  683.8 |
       Dungeon |   3419 |   3302 |    117 |    847 |   1920 |   5 |  683.8 |
               +--------+--------+--------+--------+--------+-----+--------+

Top non-repeatable levels by time:
     D:1: 997 daAuts
     D:4: 754 daAuts
     D:2: 662 daAuts
     D:5: 516 daAuts
     D:3: 487 daAuts
